 Dungeon Crawl Stone Soup version 0.29.1-12-g30fa7ad0bf (webtiles) character file.

Game seed: 10781969266904021853

29497 retardedninja the Fighter (level 13, -7/124 HPs)
             Began as a Minotaur Fighter on Jan 11, 2023.
             Was an Initiate of Gozag.
             Mangled by a hog (14 damage)
             ... led by Kirke
             ... on level 3 of the Lair of Beasts.
             The game lasted 00:29:31 (25476 turns).

retardedninja the Fighter (Minotaur Fighter)       Turns: 25476, Time: 00:29:31

Health: -7/124     AC:  0    Str: 25    XL:     13   Next: 15%
Magic:  12/12      EV: 13    Int:  5    God:    Gozag
Gold:   132        SH:  0    Dex: 11    Spells: 12/12 levels left

rFire   . . .      SeeInvis .   (weapon currently unavailable)
rCold   . . .      Faith    .   (shield currently unavailable)
rNeg    . . .      Spirit   .   (body armour currently unavailable)
rPois   .          Reflect  .   (helmet currently unavailable)
rElec   .          Harm     .   (cloak currently unavailable)
rCorr   .          Rampage  .   (gloves currently unavailable)
Will    .....                   (boots currently unavailable)
Stlth   +.........              (no amulet)
HPRegen 0.30/turn               (ring currently unavailable)
MPRegen 0.13/turn               (ring currently unavailable)

@: pig-form, very quick
A: fast, no casting, small, (horns 2), (retaliatory headbutt)
a: Renounce Religion, Potion Petition, Call Merchant, Bribe Branch


You were on level 3 of the Lair of Beasts.
You worshipped Gozag.
Gozag was aware of your devotion.
You were a filthy swine.
You visited 4 branches of the dungeon, and saw 16 of its levels.

You collected 3890 gold pieces.
You spent 868 gold pieces at shops.
You paid 2890 gold pieces to Gozag.

Inventory:

Hand Weapons
 a - a +1 war axe (melded)
Missiles
 n - a throwing net (quivered)
Armour
 k - a +2 kite shield (melded)
 l - a +0 pair of gloves (melded)
 o - a +0 plate armour
 r - a +2 cloak of poison resistance (melded)
 y - the +5 plate armour of Pathos (melded) {Will- Regen+ Str+4 Stlth+}
   (You bought it in a shop on level 2 of the Lair of Beasts)

   Str:       It affects your strength (+4).
   Regen:     It increases your rate of health regeneration.
   Will:      It decreases your willpower.
   Stlth:     It makes you more stealthy.
Jewellery
 i - a ring of protection from fire
 v - a ring of protection from fire
 C - a ring of flight
Wands
 g - a wand of iceblast (16)
 h - a wand of polymorph (8)
 t - a wand of flame (11)
Scrolls
 b - 8 scrolls of identify
 c - a scroll of poison
 d - a scroll of silence
 e - 2 scrolls of vulnerability
 f - 3 scrolls of immolation
 j - 3 scrolls of fog
 u - 2 scrolls of amnesia
 x - a scroll of teleportation
Potions
 m - 2 potions of attraction
 q - a potion of magic
 s - 4 potions of mutation
 w - 2 potions of lignification
 z - a potion of curing
 A - a potion of invisibility {unknown}
 B - a potion of flight {unknown}


   Skills:
 + Level 14.0 Fighting
 + Level 13.7 Axes
 + Level 13.9 Armour
 + Level 13.9 Shields


You had 12 spell levels left.
You didn't know any spells.
Your spell library contained the following spells:

 Spells                   Type           Power      Damage    Failure   Level
 Apportation              Tloc           0%         N/A       47%         1
 Foxfire                  Conj/Fire      0%         2x1d4     47%         1
 Freeze                   Ice            0%         1d3       47%         1
 Necrotise                Necr           0%         1d4       47%         1
 Sting                    Tmut/Pois      0%         1d3       47%         1
 Summon Small Mammal      Summ           0%         N/A       47%         1
 Blink                    Tloc           0%         N/A       63%         2
 Poisonous Vapours        Pois/Air       0%         N/A       63%         2
 Call Canine Familiar     Summ           0%         N/A       85%         3
 Conjure Flame            Conj/Fire      0%         6-21      85%         3
 Frozen Ramparts          Ice            0%         1d1       85%         3
 Inner Flame              Hex/Fire       0%         N/A       85%         3
 Lesser Beckoning         Tloc           0%         N/A       85%         3
 Portal Projectile        Hex/Tloc       0%         N/A       85%         3
 Vampiric Draining        Necr           0%         2d6       85%         3
 Flame Wave               Conj/Fire      0%         2d4       99%         4
 Hailstorm                Conj/Ice       0%         3d3       99%         4
 Leda's Liquefaction      Hex/Erth       0%         N/A       99%         4
 Olgreb's Toxic Radiance  Pois           0%         N/A       99%         4
 Summon Ice Beast         Ice/Summ       0%         N/A       99%         4
 Agony                    Necr           0%         N/A       100%        5
 Fireball                 Conj/Fire      0%         3d3       100%        5
 Iskenderun's Battlesphe  Conj           0%         2d6       100%        5
 Manifold Assault         Tloc           0%         N/A       100%        5
 Summon Forest            Summ/Tloc      0%         N/A       100%        5
 Summon Mana Viper        Hex/Summ       0%         N/A       100%        5
 Conjure Ball Lightning   Conj/Air       0%         3x3d6     100%        6
 Eringya's Noxious Bog    Tmut/Pois      0%         N/A       100%        6
 Monstrous Menagerie      Summ           0%         N/A       100%        7
 Orb of Destruction       Conj           0%         9d5       100%        7
 Summon Hydra             Summ           0%         N/A       100%        7


Dungeon Overview and Level Annotations

Branches:
Dungeon (11/15)            Temple (1/1) D:7            Lair (3/5) D:8
 Spider (0/4) Lair:2          Orc (1/2) D:10
  Swamp: Lair:2-3    Shoals: Lair:2-3

Altars:
Ashenzari
Cheibriados
Dithmenos
Elyvilon
Fedhas
Gozag
Hepliaklqana
Kikubaaqudgha
Makhleb
Nemelex Xobeh
Okawaru
Qazlal
Ru
Sif Muna
Trog
Uskayaw
Vehumet
Wu Jian
Xom
Yredelemnul
Zin
The Shining One

Shops:
D:7 (   D:11 :   Lair:2 [

Annotations:
D:9 exclusion: obsidian statue
Lair:3 Kirke


Innate Abilities, Weirdness & Mutations

You are a filthy swine.
You move quickly.
Your equipment is almost entirely melded.
You are incapable of wielding weapons or throwing items.
You cannot cast spells.
((You have a pair of horns on your head.))
((You reflexively headbutt those who attack you in melee.))


Message History

Kirke is severely wounded.
The blink frog blinks!
The hog bites you.
The blink frog blinks!
The blink frog hits you.
Kirke gestures wildly while chanting.
Kirke summons a sphinx!
The hog bites you. The blink frog hits you! The hog closely misses you.
Unknown command.
You hit Kirke.
Kirke is severely wounded.
The blink frog closely misses you. The hog bites you!
The blink frog blinks!
The hog closely misses you. The blink frog hits you!!
The blink frog blinks!
The hog closely misses you. Kirke hits you.
Unknown command.
You closely miss Kirke.
Kirke is severely wounded.
The blink frog blinks! x2; The hog barely misses you.
The blink frog blinks!
The hog closely misses you. The hog bites you!
* * * LOW HITPOINT WARNING * * *
Kirke says, "Odis was a nice man, you're awful."
Kirke misses you.
The blink frog blinks!
You bite Kirke!
Kirke is severely wounded.
The hog barely misses you. The hog closely misses you. The hog bites you!
* * * LOW HITPOINT WARNING * * *
The hog barely misses you.
The blink frog blinks!
Unknown command.
You hit Kirke.
Kirke is almost dead.
The hog misses you. The hog bites you!
* * * LOW HITPOINT WARNING * * *
Kirke hits you!
* * * LOW HITPOINT WARNING * * *
The hog bites you.
* * * LOW HITPOINT WARNING * * *
The hog closely misses you.
The blink frog blinks!
You hit Kirke but do no damage.
Kirke is almost dead.
The hog bites you!
You die...
Your body crumbles into a pile of gold.

...#.#..#
#..........#
#..#.####
##.'#.######
#..### ##.###
..## #.### .##
#..[P.P# .#
###.....# .##
###..###.###
..###
#P##.)F.H....P#
..#P##.
...§..hhh.....#
.#......
.##...h@hF.§.##
.....#P#
#....hFF...P#
.#####
###.##.....##
.# ## .###.# .#
## .. ## . .###
.....


You could see Kirke, a sphinx (summoned), 5 hogs and 4 blink frogs.

Vanquished Creatures
  2 boulder beetles
  Erica (D:8)
  A hydra (Lair:1)
  4 two-headed ogres
  A centaur warrior (D:9)
  Lodul (D:9)
  Pikel (D:7)
  A cyclops (D:11)
  Maurice (D:9)
  6 elephants
  2 black mambas
  2 gargoyles (D:11)
  4 cane toads
  6 kobold demonologists
  An unseen horror (D:9)
  7 komodo dragons
  A polar bear (Lair:2)
  Prince Ribbit (D:9)
  3 blink frogs (Lair:1)
  Sigmund (D:3)
  2 wyverns
  A wraith (D:10)
  A shadow (D:7)
  25 yaks
  2 steam dragons
  4 vampire mosquitoes
  Menkaure (D:7)
  2 acid dragons
  12 water moccasins
  2 sky beasts
  4 orc warriors
  A black bear (Lair:1)
  2 ice beasts
  10 ogres
  6 wolves (Lair:1)
  2 centaurs
  A lemure (D:7)
  A phantom (D:4)
  7 kobold brigands
  Blork the orc (D:6)
  15 bullfrogs
  2 necrophages
  An elf skeleton (D:5)
  3 scorpions
  9 wights
  7 killer bees
  3 hounds
  2 human zombies (D:5)
  3 jellies
  6 orc priests
  Crazy Yiuf (D:2)
  A human skeleton (D:5)
  3 iguanas
  10 orc wizards
  Terence (D:2)
  4 hell rats (Lair:1)
  5 adders
  A shadow imp (D:5)
  A white imp (D:7)
  5 worms
  3 dart slugs
  29 orcs
  5 ball pythons
  2 endoplasms
  A hobgoblin (D:4)
  4 quokkas
  6 bats
  6 frilled lizards
  12 goblins
  24 kobolds
  An orc skeleton (D:5)
  An orc zombie (D:5)
  8 rats
319 creatures vanquished.

Vanquished Creatures (collateral kills)
  A wyvern (Lair:2)
  6 yaks (Lair:2)
  A water moccasin (Lair:2)
8 creatures vanquished.

Vanquished Creatures (others)
  A white imp (D:8)
  7 fungi
  49 plants
57 creatures vanquished.

Grand Total: 384 creatures vanquished

Notes
Turn   | Place    | Note
-------+----------+-------------------------------------------
     0 | D:1      | retardedninja the Minotaur Fighter began the quest for the
                  | Orb.
     0 | D:1      | Reached XP level 1. HP: 19/19 MP: 0/0
   973 | D:1      | Reached XP level 2. HP: 27/27 MP: 1/1
  1119 | D:1      | Found a faded altar of an unknown god.
  1482 | D:2      | Found a runed translucent door.
  1483 | D:2      | Noticed Crazy Yiuf
  1560 | D:2      | Reached skill level 4 in Fighting
  1701 | D:2      | Noticed Terence
  1706 | D:2      | Killed Terence
  1707 | D:2      | Reached XP level 3. HP: 30/33 MP: 2/2
  1810 | D:2      | Found a hide-covered altar of Uskayaw.
  2160 | D:2      | Killed Crazy Yiuf
  2161 | D:2      | Reached XP level 4. HP: 32/41 MP: 3/3
  2230 | D:3      | Noticed Sigmund
  2240 | D:3      | Killed Sigmund
  2241 | D:3      | Reached skill level 5 in Fighting
  2241 | D:3      | Reached skill level 5 in Armour
  2241 | D:3      | Reached skill level 5 in Shields
  2241 | D:3      | Reached XP level 5. HP: 36/48 MP: 4/4
  2519 | D:3      | Found a glowing golden altar of the Shining One.
  2519 | D:3      | Found an opulent altar of Gozag.
  2520 | D:3      | Found a bloodstained altar of Trog.
  2540 | D:3      | Became a worshipper of Gozag Ym Sagoz the Greedy
  2645 | D:3      | Reached XP level 6. HP: 47/56 MP: 5/5
  4291 | D:4      | You fall into a shaft and drop 1 floor!
  4291 | D:5      | Entered Level 5 of the Dungeon
  4403 | D:5      | Reached skill level 5 in Axes
  4476 | D:5      | Reached XP level 7. HP: 34/62 MP: 6/6
  4486 | D:5      | Reached skill level 6 in Fighting
  4549 | D:5      | Found a burning altar of Makhleb.
  5433 | D:5      | Reached XP level 8. HP: 71/71 MP: 7/7
  6089 | D:5      | Reached skill level 7 in Fighting
  7824 | D:6      | Reached XP level 9. HP: 51/81 MP: 8/8
  8064 | D:6      | Noticed Blork the orc
  8071 | D:6      | Killed Blork the orc
  8072 | D:6      | Reached skill level 8 in Fighting
  8223 | D:7      | Found a staircase to the Ecumenical Temple.
  8245 | Temple   | Entered the Ecumenical Temple
  8613 | D:7      | Noticed Pikel
  8625 | D:7      | Killed Pikel
  8631 | D:7      | Reached skill level 9 in Fighting
  9465 | D:7      | Noticed Menkaure
  9467 | D:7      | Killed Menkaure
 10273 | D:7      | Found Akloakoy's Weapon Boutique.
 10346 | D:8      | Reached XP level 10. HP: 67/90 MP: 9/9
 11493 | D:8      | Noticed Erica
 11514 | D:8      | Killed Erica
 11515 | D:8      | Reached skill level 10 in Fighting
 11535 | D:8      | Reached skill level 10 in Shields
 12109 | D:8      | Reached skill level 10 in Armour
 12278 | D:8      | Found a staircase to the Lair.
 12535 | D:8      | Found a white marble altar of Elyvilon.
 12589 | D:9      | Noticed Prince Ribbit
 12592 | D:9      | Noticed Maurice
 12606 | D:9      | Noticed a two-headed ogre
 12608 | D:9      | Reached skill level 10 in Axes
 13127 | D:9      | Killed a two-headed ogre
 13659 | D:9      | Killed Prince Ribbit
 13679 | D:9      | Killed Maurice
 14046 | D:9      | Noticed an obsidian statue
 14203 | D:9      | Reached XP level 11. HP: 95/101 MP: 10/10
 14474 | D:10     | Entered Level 10 of the Dungeon
 14487 | D:10     | Found a stormy altar of Qazlal.
 14519 | D:10     | Reached skill level 11 in Fighting
 14568 | D:10     | Noticed Lodul
 14824 | D:9      | Killed Lodul
 15601 | D:10     | Found a staircase to the Orcish Mines.
 15768 | D:10     | Noticed a centaur warrior
 15771 | D:10     | Noticed a boulder beetle
 16285 | D:9      | Killed a centaur warrior
 16302 | D:9      | Killed a boulder beetle
 17934 | D:10     | Found a sacrificial altar of Ru.
 17934 | D:10     | Found a blossoming altar of Fedhas.
 18064 | D:11     | Found Tuweghor's Book Boutique.
 18321 | D:11     | Noticed a boulder beetle
 18359 | D:11     | Reached skill level 12 in Fighting
 18843 | Orc:1    | Entered Level 1 of the Orcish Mines
 18939 | D:11     | Killed a boulder beetle
 19087 | D:11     | Noticed a two-headed ogre
 19088 | D:11     | Noticed a two-headed ogre
 19101 | D:11     | Killed a two-headed ogre
 19102 | D:11     | Killed a two-headed ogre
 19103 | D:11     | Reached XP level 12. HP: 47/113 MP: 11/11
 20081 | D:11     | Noticed a two-headed ogre
 20087 | D:11     | Killed a two-headed ogre
 20831 | Lair:1   | Entered Level 1 of the Lair of Beasts
 21077 | Lair:1   | Noticed a five-headed hydra
 21111 | Lair:1   | Killed an 11-headed hydra
 21651 | Lair:1   | Reached skill level 13 in Fighting
 23971 | Lair:2   | Found a hole to the Spider Nest.
 24608 | Lair:2   | Reached XP level 13. HP: 119/123 MP: 12/12
 25250 | Lair:2   | Bought the +5 plate armour of Pathos {Will- Regen+ Str+4
                  | Stlth+} for 868 gold pieces
 25394 | Lair:3   | Reached skill level 14 in Fighting
 25465 | Lair:3   | Noticed Kirke
 25472 | Lair:3   | Noticed a sphinx
 25476 | Lair:3   | Mangled by a hog

Illustrated notes

Levels and vault maps discovered:
D:1:      dpeg_arrival_court, layout_loops_corners,
          chequers_ecumenical_altar_lobes
D:2:      layout_loops_ring, basic_altar, serial_bayou_pond_b,
          uniq_crazy_yiuf_cottage, uniq_terence
D:3:      layout_loops_ring, gammafunk_temple_overflow_forgotten, uniq_sigmund
D:4:      layout_layer_cave, dk_noncrumbling_3
D:5:      layout_basic, makhleb_heckhound_becter,
          nicolae_ossuary_entry_catacombs
D:6:      layout_basic, uniq_blork_the_orc
D:7:      layout_rooms, minmay_temple_entry_wispy, serial_shops,
          kennysheep_mini_moat, uniq_pikel, uniq_menkaure
D:8:      minmay_inner_zag, layout_basic, elyvilon_altar_5, david_lair_shrubbed,
          enter_bailey_5, lemuel_flame_loot_1, uniq_erica
D:9:      layout_basic, minmay_protected_statue, uniq_prince_ribbit1,
          uniq_maurice
D:10:     layout_roguey, mainiacjoe_overflow_six_doors_small,
          gammafunk_temple_overflow_elements, orc_0_dummy, minmay_checkerbox,
          uniq_lodul
D:11:     layout_roguey, hangedman_decor_slide_cut, kennysheep_minor_cross,
          nicolae_stop_n_shop_1
Temple:   nicolae_temple_bog_church
Lair:1:   layout_layer_cave
Lair:2:   layout_regular_city, spider_nest_entry_a, enter_volcano_1,
          nicolae_quartered_pool_super
Lair:3:   layout_roguey, minmay_swamp_entry_swarm, infiniplex_staircase_pool,
          uniq_kirke
Orc:1:    layout_caves, uniq_jorgrun

Skill      XL: |  1  2  3  4  5  6  7  8  9 10 11 12 13 |
---------------+----------------------------------------+-----
Fighting       | 4 5 6 7 9 10 12 13 14 | 14.0
Shields        | 4 5 6 7 9 10 12 13 | 13.9
Armour         | 4 5 6 7 9 10 12 13 | 13.9
Axes           | 3 4 5 6 7 9 10 12 13 | 13.7

Action                   |  1- 3 |  4- 6 |  7- 9 | 10-12 | 13-15 || total
-------------------------+-------+-------+-------+-------+-------++-------
Melee: War axe           |    81 |   123 |   272 |   681 |    69 ||  1226
       Headbutt          |    11 |    15 |    48 |   132 |    12 ||   218
       Unarmed           |       |       |       |     8 |     6 ||    14
Throw: Throwing net      |       |       |     1 |       |       ||     1
Invok: Potion Petition   |       |       |       |     5 |       ||     5
       Call Merchant     |       |       |       |       |     1 ||     1
  Use: Potion            |     1 |     2 |     1 |    12 |       ||    16
       Scroll            |       |    14 |     8 |    11 |     1 ||    34
 Stab: Invisible         |       |       |       |     2 |       ||     2
       Distracted        |       |       |       |     3 |       ||     3
Armor: Scale mail        |    47 |    46 |    85 |       |       ||   178
       Chain mail        |       |       |    24 |    25 |       ||    49
       Plate armour      |       |       |       |   464 |    32 ||   496
       Skin              |       |       |       |     7 |       ||     7
Dodge: Dodged            |    27 |    36 |    73 |   154 |    26 ||   316
Block: Buckler           |    19 |     2 |       |       |       ||    21
       Kite shield       |       |    44 |   143 |   544 |    48 ||   779
